 Dungeon Sprint DCSS version 0.25.1-2-g60ff931df9 (webtiles) character file.

Game seed: 5941584448113790081

6300000 ytrimaz the Champion of Chaos (level 27, -80/249 HPs)
             Began as a Gnoll Warper on Sept 30, 2020.
             Was the Champion of Makhleb.
             Annihilated by The Servant
             ... wielding a +9 glaive of flaming
              (159 damage)
             ... in the Dungeon (Sprint VIII: "Arena of Blood").
             The game lasted 00:02:58 (63 turns).

ytrimaz the Champion of Chaos (Gnoll Warper)          Turns: 63, Time: 00:02:58

Health: -80/249    AC:  6    Str: 24    XL:     27
Magic:  21/54      EV: 31    Int: 18    God:    Makhleb [******]
Gold:   0          SH:  0    Dex: 15    Spells: 80/80 levels left

rFire    . . .     SeeInvis .   c - +∞ Axe of Woe
rCold    . . .     Gourm    .   (shield currently unavailable)
rNeg     . . .     Faith    .   b - +0 leather armour
rPois    .         Spirit   .   (no helmet)
rElec    .         Reflect  .   (no cloak)
rCorr    .         Harm     .   (no gloves)
MR       ++...     NoTele   +   (no boots)
Stlth    +++++++++.             (no amulet)
HPRegen  0.51/turn              (no ring)
MPRegen  0.34/turn              (no ring)

@: no status effects
A: distributed training, fangs 1, strong nose
a: Minor Destruction, Lesser Servant of Makhleb, Major Destruction, Greater
Servant of Makhleb, Renounce Religion


You were in the Dungeon.
You worshipped Makhleb.
Makhleb was exalted by your worship.
You were not hungry.

You visited 1 branch

Inventory:

Hand Weapons
 a - a +0 hand axe
 c - the +∞ Axe of Woe (weapon)
   (You found it in the Dungeon)
Missiles
 e - 5 boomerangs of dispersal (quivered)
Armour
 b - a +0 leather armour (worn)
Scrolls
 d - 2 scrolls of blinking
Potions
 g - a potion of curing
 h - a potion of heal wounds
 i - a potion of haste
 j - 2 potions of magic
 k - a potion of berserk rage
Comestibles
 f - a ration


   Skills:
 O Level 27 Fighting
 O Level 27 Short Blades
 O Level 27 Long Blades
 O Level 27 Axes
 O Level 27 Maces & Flails
 O Level 27 Polearms
 O Level 27 Staves
 O Level 27 Slings
 O Level 27 Bows
 O Level 27 Crossbows
 O Level 27 Throwing
 O Level 27 Armour
 O Level 27 Dodging
 O Level 27 Stealth
 O Level 27 Shields
 O Level 27 Unarmed Combat
 O Level 27 Spellcasting
 O Level 27 Conjurations
 O Level 27 Hexes
 O Level 27 Charms
 O Level 27 Summonings
 O Level 27 Necromancy
 O Level 27 Translocations
 O Level 27 Transmutations
 O Level 27 Fire Magic
 O Level 27 Ice Magic
 O Level 27 Air Magic
 O Level 27 Earth Magic
 O Level 27 Poison Magic
 O Level 27 Invocations
 O Level 27 Evocations


You had 80 spell levels left.
You didn't know any spells.
Your spell library contained the following spells:

 Spells                   Type           Power        Failure   Level  Hunger
 Blink                    Tloc           N/A          0%          2    None
 Shroud of Golubria       Chrm/Tloc      ######       0%          2    None
 Gell's Gravitas          Tloc           #######...   0%          3    None
 Lesser Beckoning         Tloc           #######...   0%          3    None
 Teleport Other           Tloc           #######.     0%          3    None
 Passage of Golubria      Tloc           N/A          0%          4    None


Dungeon Overview and Level Annotations

Branches:
Dungeon (1/1)

Altars:
Makhleb

Annotations:
D The Servant


Innate Abilities, Weirdness & Mutations

Your experience applies equally to all skills.
You have very sharp teeth.
Your uncanny sense of smell can sniff out nearby items.


Message History

3 crawling corpses come into view.
Unknown command.
Unknown command.
The bag of meat shouts!
You slice the meat berserker!!
You fatally mangle the meat berserker.
You kill the meat berserker!
Makhleb accepts your kill.
You slash the tentacled monstrosity!
You fatally mangle the tentacled monstrosity.
You kill the tentacled monstrosity!
You slash the large abomination!
You dissect the large abomination like a pig carcass.
You destroy the large abomination!
You slash the crawling corpse!
You hew the crawling corpse savagely.
You destroy the crawling corpse!
You are engulfed in blazing flames.
You hear a shout! x5
The Servant hits you from afar with a +9 glaive of flaming!!!!!
Ouch! That really hurt!
You die... .......... ..........o........ ................... ..........XD....X.. #.......# .O....... #.......# XLXX.....

.###......)###XXL.....
......###)..§§))......
......_))))○)@2§...z.
..#.....#)§)§).x#.#.
#_.<)_#.@..x.V.O..
#.....#x.....#.#.#
......_..............
......###.........#.#.
.###.. ....###..... .
#.. .W..# .....zO #.
...#


You could see 2 tentacled monstrosities, a meat beast (fast), 2 tyrants, The
Servant, an eight-headed meat hydra, a destroyer, 2 sculptors of flesh, 5 large
abominations, a dread, 3 meat berserkers, a bag of meat and 3 crawling corpses.

Vanquished Creatures
  A hell beast (D)
  A greater mummy (D)
  16 vampire knights (D)
  16 ogres (D)
  3 two-headed ogres (D)
  A lich (D)
  46 orcs (D)
  3 skeletal warriors (D)
  3 large abominations (D)
  6 small abominations (D)
  9 crawling corpses (D)
105 creatures vanquished.

Vanquished Creatures (others)
  5 crawling corpses (D)
5 creatures vanquished.

Grand Total: 110 creatures vanquished

Notes
Turn   | Place    | Note
-------+----------+-------------------------------------------
     0 | D        | Found the +∞ Axe of Woe
     0 | D        | ytrimaz the Gnoll Warper began the quest for the Orb.
     0 | D        | Reached XP level 1. HP: 20/20 MP: 6/6
     1 | D        | Noticed a meat berserker
     1 | D        | Noticed a bag of meat
     1 | D        | Noticed a bag of meat
     4 | D        | Noticed a bag of meat
     4 | D        | Killed a meat berserker
     4 | D        | Reached skill level 10 in Conjurations
     4 | D        | Reached skill level 10 in Hexes
     4 | D        | Reached skill level 10 in Charms
     4 | D        | Reached skill level 10 in Summonings
     4 | D        | Reached skill level 10 in Necromancy
     4 | D        | Reached skill level 10 in Transmutations
     4 | D        | Reached skill level 10 in Fire Magic
     4 | D        | Reached skill level 10 in Ice Magic
     4 | D        | Reached skill level 10 in Air Magic
     4 | D        | Reached skill level 10 in Earth Magic
     4 | D        | Reached skill level 10 in Poison Magic
     4 | D        | Reached XP level 2. HP: 40/40 MP: 6/16
     4 | D        | Reached XP level 3. HP: 46/46 MP: 6/17
     4 | D        | Reached XP level 4. HP: 53/53 MP: 6/19
     4 | D        | Reached XP level 5. HP: 59/59 MP: 6/20
     4 | D        | Reached XP level 6. HP: 66/66 MP: 6/22
     4 | D        | Reached XP level 7. HP: 72/72 MP: 6/23
     4 | D        | Reached XP level 8. HP: 79/79 MP: 6/25
     4 | D        | Reached XP level 9. HP: 85/85 MP: 6/26
     4 | D        | Reached XP level 10. HP: 92/92 MP: 6/27
     4 | D        | Reached XP level 11. HP: 98/98 MP: 6/28
     4 | D        | Reached XP level 12. HP: 105/105 MP: 6/29
     4 | D        | Reached XP level 13. HP: 111/111 MP: 6/30
     4 | D        | Noticed a bag of meat
     4 | D        | Noticed a bag of meat
     5 | D        | Became a worshipper of Makhleb the Destroyer
     6 | D        | Noticed a bag of meat
     6 | D        | Noticed a bag of meat
     7 | D        | Noticed a meat berserker
     7 | D        | Killed a bag of meat
     7 | D        | Reached XP level 14. HP: 120/120 MP: 6/32
     7 | D        | Noticed a meat berserker
     8 | D        | Killed a bag of meat
     8 | D        | Reached * piety under Makhleb
     8 | D        | Reached skill level 15 in Fighting
     8 | D        | Reached skill level 15 in Axes
     8 | D        | Reached skill level 15 in Dodging
     8 | D        | Reached skill level 15 in Spellcasting
     8 | D        | Reached skill level 15 in Invocations
     9 | D        | Killed a bag of meat
     9 | D        | Reached skill level 15 in Short Blades
     9 | D        | Reached skill level 15 in Long Blades
     9 | D        | Reached skill level 15 in Maces & Flails
     9 | D        | Reached skill level 15 in Polearms
     9 | D        | Reached skill level 15 in Staves
     9 | D        | Reached skill level 15 in Slings
     9 | D        | Reached skill level 15 in Bows
     9 | D        | Reached skill level 15 in Crossbows
     9 | D        | Reached skill level 15 in Throwing
     9 | D        | Reached skill level 15 in Armour
     9 | D        | Reached skill level 15 in Stealth
     9 | D        | Reached skill level 15 in Shields
     9 | D        | Reached skill level 15 in Unarmed Combat
     9 | D        | Reached skill level 15 in Evocations
     9 | D        | Reached XP level 15. HP: 130/130 MP: 7/34
    10 | D        | Killed a meat berserker
    10 | D        | Reached skill level 15 in Translocations
    10 | D        | Reached XP level 16. HP: 141/141 MP: 7/37
    10 | D        | Reached ** piety under Makhleb
    11 | D        | Killed a meat berserker
    11 | D        | Reached XP level 17. HP: 134/151 MP: 8/40
    11 | D        | Noticed a meat berserker
    13 | D        | Reached *** piety under Makhleb
    14 | D        | Reached XP level 18. HP: 164/164 MP: 8/42
    15 | D        | Noticed a meat berserker
    16 | D        | Noticed a meat berserker
    16 | D        | Noticed a meat berserker
    17 | D        | Killed a meat berserker
    17 | D        | Reached **** piety under Makhleb
    17 | D        | Reached XP level 19. HP: 110/174 MP: 9/45
    19 | D        | Killed a meat berserker
    19 | D        | Killed a meat berserker
    19 | D        | Reached ***** piety under Makhleb
    19 | D        | Reached XP level 20. HP: 188/188 MP: 10/48
    21 | D        | Killed a meat berserker
    23 | D        | Noticed a meat berserker
    24 | D        | Noticed a meat berserker
    24 | D        | Reached XP level 21. HP: 199/199 MP: 11/50
    25 | D        | Reached skill level 27 in Invocations
    25 | D        | Noticed a large bag of meat
    27 | D        | Noticed a meat berserker
    28 | D        | Noticed The Servant
    28 | D        | Killed a meat berserker
    29 | D        | Noticed a destroyer
    29 | D        | Reached ****** piety under Makhleb
    29 | D        | Reached skill level 27 in Fighting
    29 | D        | Reached skill level 27 in Axes
    29 | D        | Reached skill level 27 in Dodging
    29 | D        | Reached skill level 27 in Spellcasting
    29 | D        | Noticed a destroyer
    30 | D        | Killed a meat berserker
    30 | D        | Reached skill level 27 in Short Blades
    30 | D        | Reached skill level 27 in Long Blades
    30 | D        | Reached skill level 27 in Maces & Flails
    30 | D        | Reached skill level 27 in Polearms
    30 | D        | Reached skill level 27 in Staves
    30 | D        | Reached skill level 27 in Slings
    30 | D        | Reached skill level 27 in Bows
    30 | D        | Reached skill level 27 in Crossbows
    30 | D        | Reached skill level 27 in Throwing
    30 | D        | Reached skill level 27 in Armour
    30 | D        | Reached skill level 27 in Stealth
    30 | D        | Reached skill level 27 in Shields
    30 | D        | Reached skill level 27 in Unarmed Combat
    30 | D        | Reached skill level 27 in Evocations
    30 | D        | Reached XP level 22. HP: 212/212 MP: 13/53
    31 | D        | Noticed a destroyer
    31 | D        | Noticed a destroyer
    31 | D        | Noticed a destroyer
    31 | D        | Noticed a destroyer
    32 | D        | Killed a large bag of meat
    32 | D        | Killed a destroyer
    32 | D        | Reached skill level 27 in Conjurations
    32 | D        | Reached skill level 27 in Hexes
    32 | D        | Reached skill level 27 in Charms
    32 | D        | Reached skill level 27 in Summonings
    32 | D        | Reached skill level 27 in Necromancy
    32 | D        | Reached skill level 27 in Translocations
    32 | D        | Reached skill level 27 in Transmutations
    32 | D        | Reached skill level 27 in Fire Magic
    32 | D        | Reached skill level 27 in Ice Magic
    32 | D        | Reached skill level 27 in Air Magic
    32 | D        | Reached skill level 27 in Earth Magic
    32 | D        | Reached skill level 27 in Poison Magic
    32 | D        | Reached XP level 23. HP: 219/219 MP: 13/54
    32 | D        | Noticed a destroyer
    34 | D        | Noticed a destroyer
    35 | D        | Killed a destroyer
    35 | D        | Reached XP level 24. HP: 227/227 MP: 14/54
    35 | D        | Noticed a destroyer
    37 | D        | Killed a destroyer
    37 | D        | Reached XP level 25. HP: 234/234 MP: 15/54
    37 | D        | Noticed a destroyer
    38 | D        | Killed a destroyer
    38 | D        | Noticed a destroyer
    39 | D        | Killed a destroyer
    40 | D        | Reached XP level 26. HP: 206/242 MP: 15/54
    40 | D        | Killed a destroyer
    41 | D        | Noticed a large bag of meat
    42 | D        | Killed a destroyer
    42 | D        | Reached XP level 27. HP: 249/249 MP: 16/54
    42 | D        | Noticed a destroyer
    44 | D        | Noticed a destroyer
    44 | D        | Noticed a tyrant
    45 | D        | Killed a tyrant
    45 | D        | Killed a destroyer
    45 | D        | Noticed a destroyer
    45 | D        | Noticed a large bag of meat
    45 | D        | Noticed a destroyer
    46 | D        | Noticed a destroyer
    47 | D        | Noticed a tyrant
    47 | D        | Killed a destroyer
    47 | D        | Killed a destroyer
    48 | D        | Killed a destroyer
    49 | D        | Killed a destroyer
    50 | D        | Killed a destroyer
    50 | D        | Killed a destroyer
    51 | D        | Noticed an accursed
    51 | D        | Noticed a destroyer
    52 | D        | Killed a large bag of meat
    53 | D        | Noticed a tyrant
    54 | D        | Killed a large bag of meat
    55 | D        | Killed a destroyer
    57 | D        | Noticed a meat beast
    58 | D        | Killed a destroyer
    58 | D        | Noticed a meat beast
    61 | D        | Killed an accursed
    61 | D        | Killed a meat beast
    61 | D        | Noticed a dread
    63 | D        | Annihilated by The Servant

Illustrated notes

Levels and vault maps discovered:
D:        meatsprint

Skill      XL: |  1  2  3  4  5  6  7  8  9 10 11 12 13 14 15 16 17 18 19 20 21 22 |
---------------+-------------------------------------------------------------------+-----
Fighting       | 13 14 15 17 18 20 22 24 25 27 | 27.0
Short Blades   | 12 13 15 16 18 20 21 23 25 27 | 27.0
Long Blades    | 12 13 15 16 18 20 21 23 25 27 | 27.0
Axes           | 13 14 15 17 18 20 22 24 25 27 | 27.0
Maces & Flails | 12 13 15 16 18 20 21 23 25 27 | 27.0
Polearms       | 12 13 15 16 18 20 21 23 25 27 | 27.0
Staves         | 12 13 15 16 18 20 21 23 25 27 | 27.0
Slings         | 12 13 15 16 18 20 21 23 25 27 | 27.0
Bows           | 12 13 15 16 18 20 21 23 25 27 | 27.0
Crossbows      | 12 13 15 16 18 20 21 23 25 27 | 27.0
Throwing       | 12 13 15 16 18 20 21 23 25 27 | 27.0
Armour         | 12 13 15 16 18 20 21 23 25 27 | 27.0
Dodging        | 13 14 15 17 18 20 22 24 25 27 | 27.0
Stealth        | 12 13 15 16 18 20 21 23 25 27 | 27.0
Shields        | 12 13 15 16 18 20 21 23 25 27 | 27.0
Unarmed Combat | 12 13 15 16 18 20 21 23 25 27 | 27.0
Spellcasting   | 13 14 15 17 19 20 22 24 25 27 | 27.0
Conjurations   | 10 11 13 14 16 17 19 20 21 24 27 | 27.0
Hexes          | 10 11 13 14 16 17 19 20 21 24 27 | 27.0
Charms         | 10 11 13 14 16 17 19 20 21 24 27 | 27.0
Summonings     | 10 11 13 14 16 17 19 20 21 24 27 | 27.0
Necromancy     | 10 11 13 14 16 17 19 20 21 24 27 | 27.0
Translocations | 11 12 14 15 16 18 19 21 22 24 27 | 27.0
Transmutations | 10 11 13 14 16 17 19 20 21 24 27 | 27.0
Fire Magic     | 10 11 13 14 16 17 19 20 21 24 27 | 27.0
Ice Magic      | 10 11 13 14 16 17 19 20 21 24 27 | 27.0
Air Magic      | 10 11 13 14 16 17 19 20 21 24 27 | 27.0
Earth Magic    | 10 11 13 14 16 17 19 20 21 24 27 | 27.0
Poison Magic   | 10 11 13 14 16 17 19 20 21 24 27 | 27.0
Invocations    | 13 14 16 18 19 21 23 25 26 27 | 27.0
Evocations     | 12 13 15 16 18 20 21 23 25 27 | 27.0

Action                   |  1- 3 |  4- 6 |  7- 9 | 10-12 | 13-15 | 16-18 | 19-21 | 22-24 | 25-27 || total
-------------------------+-------+-------+-------+-------+-------+-------+-------+-------+-------++-------
Melee: Executioner's axe |     1 |       |       |       |     4 |     5 |     8 |     6 |    25 ||    49
Dodge: Dodged            |       |       |       |       |     1 |       |     1 |       |     3 ||     5
